 Dungeon Crawl Stone Soup version 0.16-a0-3452-g71b9fc6 (console) character file.

219 MrRokkomies the Chopper (level 5, -6/48 HPs)
             Began as a Minotaur Gladiator on Jan 1, 2015.
             Killed from afar by Ijyb (23 damage)
             ... with a wand of lightning
             ... on level 4 of the Dungeon.
             The game lasted 00:08:47 (2665 turns).

MrRokkomies the Chopper (Minotaur Gladiator)        Turns: 2665, Time: 00:08:47

Health: -6/48      AC: 12    Str: 20    XL:     5   Next: 64%
Magic:  2/2        EV:  8    Int:  6    God:
Gold:   133        SH:  0    Dex: 10    Spells: 0 memorised, 4 levels left

rFire  . . .     SeeInvis .     a - +0 war axe
rCold  . . .     Clarity  .     k - +0 chain mail
rNeg   . . .     SustAb   .     (no shield)
rPois  .         Gourm    .     c - +0 hat
rElec  .         Spirit   .     p - +0 cloak
rCorr  .         Warding  .     h - +1 pair of gloves
rMut   .         Stasis   .     (no boots)
MR     .....                    (no amulet)
Stlth  ..........               (no ring)
                                (no ring)

@: lethally poisoned, not resistant to hostile enchantments, extremely
unstealthy
A: retaliatory headbutt, horns 2
a: no special abilities


You were on level 4 of the Dungeon.
You were hungry.

You visited 2 branches of the dungeon, and saw 5 of its levels.

You collected 133 gold pieces.

Inventory:

Hand weapons
 a - a +0 war axe (weapon)
Missiles
 d - 2 throwing nets
 o - 8 tomahawks (quivered)
Armour
 c - a +0 hat (worn)
 h - a +1 pair of gloves (worn)
 k - a +0 chain mail (worn)
 p - a +0 cloak (worn)
Magical devices
 m - a wand of polymorph (13)
Potions
 b - a potion of curing {unknown}
 e - a potion of invisibility {unknown}
 g - a potion of brilliance {unknown}
 l - 4 potions of restore abilities
 r - a potion of agility {unknown}
Comestibles
 f - 5 bread rations
 i - 2 meat rations
 j - 4 fruits
 n - a slice of pizza
 q - a beef jerky


   Skills:
 * Level 5.1 Fighting
 * Level 5.5 Axes
 - Level 2.0 Throwing
 + Level 2.3 Armour
 - Level 3.2 Dodging


You had 4 spell levels left.
You didn't know any spells.

Dungeon Overview and Level Annotations

Branches:
Dungeon (4/15)             Temple (1/1) D:4

Altars:
Ashenzari
Cheibriados
Dithmenos
Elyvilon
Fedhas
Gozag
Kikubaaqudgha
Makhleb
Nemelex Xobeh
Qazlal
Sif Muna
Trog
Vehumet
Zin

Annotations:
D:4 Ijyb


Innate Abilities, Weirdness & Mutations

You reflexively headbutt those who attack you in melee.
You have a pair of horns on your head.


Message History

You hit the kobold but do no damage. You headbutt the kobold.
You kill the kobold!
You feel sick.
Items here: $ ( )) † an uncursed whip; an uncursed blowgun; 10 poisoned needles; 10 gold pieces a kobold corpse You hit Ijyb.
Ijyb is lightly wounded.
Ijyb zaps a wand.
The bolt of lightning hits you!
It is a wand of lightning.
Ijyb zaps a wand.
The bolt of lightning hits you!
You closely miss Ijyb. You headbutt Ijyb!
Ijyb is heavily wounded.
You feel sick.
You barely miss Ijyb.
Ijyb is heavily wounded.
Ijyb hits you with a club.
You hit Ijyb. Your headbutt misses Ijyb.
Ijyb is heavily wounded.
Ijyb zaps a wand.
The bolt of lightning hits you!
You die...

#...... ##...... .. ##
#......# ... ...#
##......# ....#
#...##.......# ....# ..
#..........# #....#
..## #........##....#
...## #........#.....##
....###..###.(.)@g....#
.....##.##
###...........
........# ##....#####
........## ##...#
.........### ##....##
<..........###......#
..............).###..
...............## #.
...............##


You could see Ijyb.

Vanquished Creatures
  Crazy Yiuf (D:2)
  4 adders
  4 gnolls (D:2)
  6 worms
  2 giant geckos
  3 oozes
  6 orcs (D:3)
  3 giant cockroaches
  8 hobgoblins
  2 quokkas
  A ball python (D:3)
  5 bats
  5 giant newts
  7 goblins
  2 jackals (D:1)
  11 kobolds
  6 rats
76 creatures vanquished.

Notes
Turn   | Place    | Note
--------------------------------------------------------------
     0 | D:1      | MrRokkomies, the Minotaur Gladiator, began the quest for the Orb.
     0 | D:1      | Reached XP level 1. HP: 18/18 MP: 1/1
   168 | D:1      | Reached skill level 4 in Axes
   168 | D:1      | Reached XP level 2. HP: 25/25 MP: 1/1
   517 | D:1      | Reached XP level 3. HP: 31/31 MP: 2/2
   959 | D:2      | Found a radiant altar of Vehumet.
  1072 | D:2      | Reached skill level 1 in Armour
  1091 | D:2      | Reached XP level 4. HP: 31/40 MP: 2/2
  1458 | D:2      | Noticed Crazy Yiuf
  1469 | D:2      | Killed Crazy Yiuf
  1469 | D:2      | Reached skill level 5 in Axes
  1501 | D:2      | Reached XP level 5. HP: 19/47 MP: 2/2
  1915 | D:3      | Found a blossoming altar of Fedhas.
  1974 | D:3      | Reached skill level 5 in Fighting
  2174 | D:4      | Found a staircase to the Ecumenical Temple.
  2184 | Temple   | Entered the Ecumenical Temple
  2658 | D:4      | Noticed Ijyb
  2665 | D:4      | Killed from afar by Ijyb

Action                   |  1- 3 |  4- 6 || total
-------------------------+-------+-------++-------
Melee: War axe           |    86 |    88 ||   174
Throw: Throwing net      |       |     1 ||     1
  Use: Scroll            |     1 |     5 ||     6
  Eat: Chunk             |       |     5 ||     5
